 Dungeon Crawl Stone Soup version 0.30-a0-881-g1ff12e1e11 (webtiles) character file.

Game seed: 10976187075505877681

284 retardedninja the Covered (level 6, 0/55 HPs)
             Began as an Armataur Fighter on Mar 14, 2023.
             Slain by Eustachio
             ... wielding a +3 rapier of electrocution
              (13 damage)
             ... on level 4 of the Dungeon.
             The game lasted 00:03:01 (2729 turns).

retardedninja the Covered (Armataur Fighter)        Turns: 2729, Time: 00:03:01

Health: 0/55       AC: 10    Str: 23    XL:     6   Next: 7%
Magic:  6/6        EV:  7    Int:  8    God:
Gold:   100        SH:  4    Dex: 10    Spells: 5/5 levels left

rFire   + . .      SeeInvis .    a - +0 war axe
rCold   . . .      Faith    .    c - +0 buckler
rNeg    . . .      Spirit   .    q - +3 scale mail {rF+}
rPois   .          Reflect  .    (no helmet)
rElec   .          Roll     +    (no cloak)
rCorr   .                        (no gloves)
Will    .....                    (no barding) Stlth
                                 (no amulet)
HPRegen 0.29/turn                (no ring)
MPRegen 0.10/turn                (no ring)

@: no status effects
A: large, rugged brown scales 3, deformed body, armoured tail, roll, long
tongue, awkward tongue
a: no special abilities


You were on level 4 of the Dungeon.
You visited 2 branches of the dungeon, and saw 5 of its levels.

You collected 100 gold pieces.

Inventory:

Hand Weapons
 a - a +0 war axe (weapon)
Armour
 c - a +0 buckler (worn)
 q - a +3 scale mail of fire resistance (worn)
Jewellery
 m - a ring of resist corrosion
 s - a ring of see invisible
Scrolls
 b - a scroll of fog {unknown}
 f - 2 scrolls of teleportation {unknown}
 g - a scroll of blinking {unknown}
 h - a scroll of poison {unknown}
 i - 4 scrolls of identify {unknown}
 j - a scroll of immolation {unknown}
 n - a scroll of fear {unknown}
 o - a scroll of enchant armour {unknown}
 r - 2 scrolls of silence {unknown}
 t - 2 scrolls of vulnerability {unknown}
 u - a scroll of amnesia {unknown}
 w - a scroll of noise {unknown}
Potions
 d - a potion of might
 e - a potion of lignification
 k - 2 potions of flight
 l - a potion of heal wounds
 p - a potion of resistance {unknown}
 v - a potion of degeneration {unknown}


   Skills:
 + Level 3.9 Fighting
 + Level 2.9 Axes
 + Level 5.1 Armour
 + Level 4.6 Shields


You had 5 spell levels left.
You didn't know any spells.
Your spell library contained the following spells:

 Spells                   Type           Power      Damage    Failure   Level
 Tukima's Dance           Hex            0%         N/A       98%         3
 Passage of Golubria      Tloc           0%         N/A       100%        4
 Yara's Violent Unravell  Hex/Tmut       0%         3d3       100%        5


Dungeon Overview and Level Annotations

Branches:
Dungeon (4/15)             Temple (1/1) D:4

Altars:
Cheibriados
Fedhas
Makhleb
Nemelex Xobeh
Okawaru
Uskayaw
Wu Jian
Yredelemnul
The Shining One

Annotations:
D:4 Eustachio


Innate Abilities, Weirdness & Mutations

You are completely covered in rugged brown scales. (AC +3, +7% HP)
Armour fits poorly on your strangely shaped body.
You have a long armoured tail.
You roll when moving toward enemies. (Rampage)
Your long tongue fully drains potion bottles. (2x potion effects)
Your tongue gives you trouble enunciating. (1.5x scroll delay)


Message History

Unknown command.
You are too injured to fight recklessly!
Unknown command.
You are too injured to fight recklessly!
You are too injured to fight recklessly!
Unknown command.
You closely miss Eustachio.
Eustachio is moderately wounded.
You barely miss the quokka.
Eustachio hits you with a +3 rapier of electrocution.
The quokka barely misses you. You block Eustachio's attack.
You block the quokka's attack.
You hit Eustachio.
You tail-slap Eustachio, but do no damage.
Eustachio is moderately wounded.
You barely miss the quokka.
Eustachio mumbles some strange words.
The quokka barely misses you. Eustachio hits you but does no damage.
You barely miss Eustachio.
Eustachio is moderately wounded.
You slash the quokka!
You kill the quokka!
The quokka's corpse disappears in a puff of smoke!
You block Eustachio's attack. Eustachio hits you but does no damage.
You are electrocuted!
You closely miss Eustachio.
Your tail-slap misses Eustachio.
Eustachio is moderately wounded.
Eustachio hits you with a +3 rapier of electrocution.
You are electrocuted!
Eustachio casts a spell.
You hit Eustachio.
Eustachio is moderately wounded.
You slash the rat!
You kill the rat!
The rat's corpse disappears in a puff of smoke!
You hit the river rat but do no damage.
Eustachio hits you with a +3 rapier of electrocution.
* * * LOW HITPOINT WARNING * * *
Eustachio hits you but does no damage.
You are electrocuted!
You die...

#..)...#
#.##.......#
#......#
#.#######..#
.......#
####.... #..#
.......#
#......# #..#
##.#####
#......#.###..#
#..#
#......#......#
##.#
#......#####.##
.#
#...§r.#####.#
..
####@#.......#
...#..
#@#########
......


#rr ##.... #### ... .. . You could see Eustachio (fast), 2 river rats and a rat
(summoned).

Vanquished Creatures
  A black bear (D:3)
  A hound (D:4)
  Terence (D:2)
  4 gnolls (D:3)
  3 adders
  4 dart slugs
  An orc (D:4)
  9 endoplasms
  2 giant cockroaches (D:4)
  3 goblins
  10 hobgoblins
  2 kobolds
  6 ball pythons
  7 bats
  4 frilled lizards
  4 rats
62 creatures vanquished.

Notes
Turn   | Place    | Note
-------+----------+-------------------------------------------
     0 | D:1      | retardedninja the Armataur Fighter began the quest for the
                  | Orb.
     0 | D:1      | Reached XP level 1. HP: 19/19 MP: 1/1
   177 | D:1      | Reached XP level 2. HP: 24/26 MP: 2/2
   347 | D:1      | Reached skill level 4 in Armour
   451 | D:1      | Reached XP level 3. HP: 33/33 MP: 3/3
   817 | D:2      | Noticed Terence
   828 | D:2      | Killed Terence
  1087 | D:2      | Reached XP level 4. HP: 40/40 MP: 4/4
  1158 | D:2      | Found a faded altar of an unknown god.
  1781 | D:3      | HP: 2/60 [gnoll/+0 whip (4)]
  1914 | D:3      | Reached XP level 5. HP: 48/48 MP: 5/5
  2303 | D:3      | Noticed a black bear
  2308 | D:3      | Killed a black bear
  2309 | D:3      | Reached skill level 5 in Armour
  2430 | D:3      | Found an ornate altar of the Wu Jian Council.
  2454 | D:4      | Found a staircase to the Ecumenical Temple.
  2465 | D:4      | Reached XP level 6. HP: 50/55 MP: 6/6
  2516 | Temple   | Entered the Ecumenical Temple
  2721 | D:4      | Noticed Eustachio
  2729 | D:4      | Slain by Eustachio

Illustrated notes

Levels and vault maps discovered:
D:1:      nicolae_arrival_washed_ashore, layout_loops_ring
D:2:      layout_basic, chequers_ecumenical_altar_island, uniq_terence
D:3:      layout_loops_corners, nicolae_wu_jian_glorious_leap
D:4:      layout_basic, regret_index_temple_of_mockery, general_overflow_altar,
          grunt_temple_overflow_diamond, minmay_temple_entry_trees,
          uniq_eustachio, uniq_pikel, uniq_crazy_yiuf_cottage
Temple:   nicolae_temple_godpark

Skill      XL: |  1  2  3  4  5 |
---------------+----------------+-----
Fighting       | 3 |  3.9
Armour         | 4 5 |  5.1
Axes           | 2 |  2.9
Shields        | 4 |  4.6

Action                     |  1- 3 |  4- 6 || total
---------------------------+-------+-------++-------
  Melee: War axe           |    92 |    86 ||   178
         Tailslap          |     9 |    12 ||    21
    Use: Potion            |       |     6 ||     6
 Armour: Scale mail        |    46 |    49 ||    95
         Skin              |       |    19 ||    19
  Dodge: Dodged            |    32 |    37 ||    69
  Block: Buckler           |    19 |    23 ||    42

Table legend: (Time is in decaauts)
 A = Elapsed time spent in this place.
 B = Non-inter-level travel time spent in this place.
 C = Inter-level travel time spent in this place.
 D = Time resting spent in this place.
 E = Time spent auto-exploring this place.
 F = Levels seen in this place.
 G = Mean time per level.
                   A        B        C        D        E       F      G
               +--------+--------+--------+--------+--------+-----+--------+
         Total |   2785 |   2683 |    102 |    171 |   2055 |   5 |  557.0 |
       Dungeon |   2666 |   2577 |     89 |    171 |   1958 |   4 |  666.5 |
        Temple |    119 |    106 |     13 |      0 |     97 |   1 |  119.0 |
               +--------+--------+--------+--------+--------+-----+--------+

Top non-repeatable levels by time:
     D:3: 963 daAuts
     D:2: 795 daAuts
     D:1: 740 daAuts
     D:4: 167 daAuts
  Temple: 119 daAuts
